 Dungeon Crawl Stone Soup version 0.30-a0-719-gcc4359ea44 (webtiles) character file.

Game seed: 14461818985672253568

4 M4edhros the Insei (level 1, 0/13 (19) HPs)
             Began as an Octopode Transmuter on Jan 26, 2023.
             Slain by Terence
             ... wielding the +7 Throatcutter {drain, coup de grace}
              (4 damage)
             ... on level 2 of the Dungeon.
             The game lasted 00:00:24 (160 turns).

M4edhros the Insei (Octopode Transmuter)             Turns: 160, Time: 00:00:24

HP:   0/13 (19)     AC: 20    Str:  9    XL:     1   Next: 70%
MP:   3/3           EV:  2    Int: 15    God:
Gold: 32            SH:  0    Dex: 12    Spells: 3/4 levels left

rFire   . . .      SeeInvis .      - Unarmed
rCold   . . .      Faith    .    (no shield)
rNeg    . . .      Spirit   .    (helmet currently unavailable)
rPois   +          Reflect  .    (no amulet)
rElec   .          Harm     .    (no ring)
rCorr   .          Rampage  .    (no ring)
Will    .....      NoTele   +    (no ring)
Stlth   +                        (no ring)
HPRegen 0.22/turn                (no ring)
MPRegen 0.08/turn                (no ring)
                                 (no ring)
                                 (no ring)

@: tree-form, very heavily drained
A: stationary, stasis, torment immunity, boosted hp, almost no armour,
(amphibious), 8 rings, (camouflage 1), (gelatinous body 1), (nimble swimmer 1),
(tentacles)
a: no special abilities


You were on level 2 of the Dungeon.
You were a tree.
You visited 1 branch of the dungeon, and saw 2 of its levels.

You collected 32 gold pieces.

You aren't carrying anything.


   Skills:
 + Level 1.1 Fighting
 + Level 2.1 Dodging
 * Level 3.1 Unarmed Combat
 - Level 2.0 Spellcasting
 - Level 2.0 Transmutations


You had 3 spell levels left.
You knew the following spells:

 Your Spells              Type           Power      Damage    Failure   Level
a - Beastly Appendage     Tmut           14%        N/A       10%         1

Your spell library contained the following spells:

 Spells                   Type           Power      Damage    Failure   Level
 Wereblood                Tmut           7%         N/A       14%         2
 Spider Form              Tmut/Pois      4%         N/A       41%         3
 Ice Form                 Ice/Tmut       4%         N/A       82%         4


Dungeon Overview and Level Annotations

Branches:
Dungeon (2/15)

Altars:

Annotations:
D:2 Terence


Innate Abilities, Weirdness & Mutations

You are a tree.
Your roots penetrate the ground, keeping you stationary.
You cannot be teleported.
You are immune to unholy pain and torment.
Your maximum health is greatly increased.
You cannot wear most types of armour.
((You are amphibious.))
You can wear up to eight rings at the same time.
((Your skin changes colour to match your surroundings (Stealth+).))
((Your rubbery body absorbs attacks. (AC +1, EV +1)))
((You are camouflaged when in or above water. (Stealth+)))
((You have tentacles for arms and can constrict up to eight enemies at once.))


Message History

A giant cockroach is nearby!
The helpless giant cockroach fails to defend itself.
You tentacle-slap the giant cockroach. Your grab misses the giant cockroach.
You squeeze the giant cockroach.
You kill the giant cockroach!
No target in view!
Found a stone staircase leading up.
You see here a giant cockroach corpse.
No target in view!
Key pressed, stopping explore.
No target in view!
You see here the +9 short sword "Undertaker" {drain, *Rage rF+ Int+3}.
No target in view!
Terence the Incautious comes into view.
He is wielding the +7 Throatcutter {drain, coup de grace}.
Found a scroll labelled TIM LOOLAROE.
Terence shouts!
You aren't carrying any items that you can evoke.
Really quaff the potion of lignification?
You turn into a tree.
Your roots penetrate the ground.
Terence shouts, "DIE!!!"
Terence hits you but does no damage.
You feel drained.
You hit Terence.
Terence is moderately wounded.
You barely miss Terence.
Terence is moderately wounded.
Terence hits you with the +7 Throatcutter {drain, coup de grace}!
Ouch! That really hurt!
You feel drained.
* * * LOW HITPOINT WARNING * * *
You completely miss Terence.
Terence is moderately wounded.
Terence hits you but does no damage.
You feel drained.
A frilled lizard comes into view.
You barely miss Terence.
Terence is moderately wounded.
Terence hits you but does no damage.
You feel drained.
You smack Terence!
Terence is almost dead.
Terence hits you with the +7 Throatcutter {drain, coup de grace}.
You die...

...#.#### ...# .#<.....#
#...# ...#.#..# #...#
#.##.#..# #...#
........# ######...#####
....##..###....?........
....##.................?
........###.............
....##..# ######♣..####
######.## #@..# # #.#
#...# #.# #...# #.#
#l..# ..# ..... ###
...... .###..#


You could see Terence and a frilled lizard.

Vanquished Creatures
  A giant cockroach (D:2)
  A hobgoblin (D:1)
  2 kobolds (D:1)
4 creatures vanquished.

Notes
Turn   | Place    | Note
-------+----------+-------------------------------------------
     0 | D:1      | M4edhros the Octopode Transmuter began the quest for the
                  | Orb.
     0 | D:1      | Reached XP level 1. HP: 13/13 MP: 3/3
   136 | D:2      | Identified the +9 short sword "Undertaker" {drain, *Rage
                  | rF+ Int+3}
   151 | D:2      | Noticed Terence
   160 | D:2      | Slain by Terence

Illustrated notes

Levels and vault maps discovered:
D:1:      dpeg_arrival_morbid_curiosity, layout_basic
D:2:      layout_loops_cross, serial_shops, shop, serial_bayou_lake_a,
          uniq_terence, uniq_natasha

Action                     || total
---------------------------++-------
  Melee: Unarmed           ||    16
         Constrict         ||     3
         Tentacles         ||     3
    Use: Potion            ||     1
   Stab: Sleeping          ||     1
 Armour: Skin              ||     3
  Dodge: Dodged            ||     6

Table legend: (Time is in decaauts)
 A = Elapsed time spent in this place.
 B = Non-inter-level travel time spent in this place.
 C = Inter-level travel time spent in this place.
 D = Time resting spent in this place.
 E = Time spent auto-exploring this place.
 F = Levels seen in this place.
 G = Mean time per level.
                   A        B        C        D        E       F      G
               +--------+--------+--------+--------+--------+-----+--------+
         Total |    158 |    153 |      5 |      0 |    108 |   2 |   79.0 |
       Dungeon |    158 |    153 |      5 |      0 |    108 |   2 |   79.0 |
               +--------+--------+--------+--------+--------+-----+--------+

Top non-repeatable levels by time:
     D:1: 115 daAuts
     D:2: 43 daAuts
